Panthers vs Golden Knights

Created - 11 avril 2020 at 10:12

Goals
1 2 3 T
Panthers 0 2 1 3
Golden Knights 1 0 0 1
Shots
1 2 3 T
Panthers 5 10 14 29
Golden Knights 16 8 5 29

1st period

1. Golden Knights , Kyle Okposo 21 (Drake Caggiula 8) at 19:10

Penalties :
Marcus Foligno (FLA) for Slashing (Minor) at 4:26, Dustin Byfuglien (VGK) for Fighting (Major) at 8:25, Matt Moulson (FLA) for Fighting (Major) at 8:25, Adam Cracknell (FLA) for Roughing (Minor) at 10:17

2nd period

2. Panthers , Marcus Foligno 10 (Kyle Brodziak 17, Devante Smith-Pelly 15) at 10:38
3. Panthers , Garnet Hathaway 4 (Scott Laughton 18, Alexander Petrovic 6) at 18:21

Penalties :
Alexander Petrovic (FLA) for Hooking (Minor) at 0:36, Marcus Foligno (FLA) for Hooking (Minor) at 7:04, Dustin Byfuglien (VGK) for Holding Stick (Minor) at 11:30, J.T. Miller (FLA) for Holding (Minor) at 12:24

3rd period

4. Panthers , Matt Moulson 15 (J.T. Miller 34, Scott Laughton 19) at 19:04

Penalties :
J.T. Miller (FLA) for High sticking (Minor) at 6:43, Antoine Roussel (VGK) for Roughing (Double Minor) at 10:14

Goalie Stats

Carter Hutton (FLA), 28 saves from 29 shots - (0,966), W, 13-19-4, 60:00 minutes
Connor Hellebuyck (VGK), 26 saves from 29 shots - (0,897), L, 40-16-5, 60:00 minutes

Players Stats for Panthers

Player Name              G  A  P  +/- PIM S  H  SB GA TA FO     MP     PP MP  PK MP  
------------------------------------------------------------------------------------
Adam Cracknell           0  0  0   0  2   1  2  0  0  0  4/13   13:43   0:50   0:03 
Alexander Petrovic       0  1  1   2  2   2  1  0  0  0  0/0     9:19   0:00   0:00 
Devante Smith-Pelly      0  1  1   1  0   0  0  1  2  0  0/0    19:17   2:01   2:29 
Garnet Hathaway          1  0  1   1  0   3  0  1  1  0  0/2    16:59   0:00   4:41 
Greg Pateryn             0  0  0   0  0   1  3  4  0  1  0/0    25:26   2:47   5:17 
J.T. Miller              0  1  1   0  4   4  2  0  1  0  19/30  23:43   2:26   3:50 
Jamie Oleksiak           0  0  0   0  0   0  2  1  0  3  0/0    20:33   2:06   5:12 
Jonas Siegenthaler       0  0  0   2  0   1  0  0  0  1  0/0     9:52   0:00   0:20 
Josh Jooris              0  0  0   1  0   1  0  0  0  0  1/1     3:25   0:00   0:00 
Kyle Brodziak            0  1  1   1  0   1  1  1  1  1  2/11   16:40   2:01   1:07 
Libor Hajek              0  0  0   0  0   0  0  0  0  0  0/0     4:24   0:00   0:00 
Marcus Foligno           1  0  1   1  4   4  0  0  1  1  0/0    16:52   2:01   1:34 
Matt Moulson             1  0  1   0  5   3  2  0  1  0  1/1    18:37   2:27   2:17 
Nathan Beaulieu          0  0  0   0  0   0  0  0  0  0  0/0     4:48   0:00   0:20 
Patrik Nemeth            0  0  0   0  0   0  2  1  1  1  0/0    25:26   2:47   5:17 
Ryan Callahan            0  0  0   0  0   2  1  0  0  1  1/2    12:13   0:25   0:00 
Scott Laughton           0  2  2   1  0   4  2  1  1  1  0/0    26:09   2:27   5:37 
Trevor Daley             0  0  0   0  0   2  0  1  0  0  0/0    20:33   2:06   5:12 

Players Stats for Golden Knights

Player Name              G  A  P  +/- PIM S  H  SB GA TA FO     MP     PP MP  PK MP  
------------------------------------------------------------------------------------
Antoine Roussel          0  0  0   0  4   1  5  0  0  0  0/1    18:48   5:21   0:13 
Blake Coleman            0  0  0   0  0   0  5  1  1  0  8/16   21:11   5:26   2:30 
Brock Boeser             0  0  0  -1  0   4  0  0  1  1  1/2    19:12   5:26   0:00 
Brooks Orpik             0  0  0  -1  0   0  1  0  0  0  0/0    22:52   4:45   1:58 
Byron Froese             0  0  0  -2  0   0  0  0  0  1  0/1     5:52   0:00   0:00 
Daniel O'Regan           0  0  0  -2  0   2  1  0  0  0  1/1     5:52   0:00   0:00 
Derek Stepan             0  0  0  -1  0   1  0  1  0  1  0/1    22:08   5:23   2:30 
Drake Caggiula           0  1  1   1  0   3  1  0  1  0  0/0    10:08   0:00   0:00 
Dustin Byfuglien         0  0  0   0  7   6  4  0  0  1  0/0    20:30   4:58   1:10 
Evgeni Malkin            0  0  0  -1  0   1  0  0  1  0  14/25  20:43   5:23   0:40 
Korbinian Holzer         0  0  0  -1  0   1  1  0  0  2  0/0    14:13   0:00   2:55 
Kris Russell             0  0  0  -1  0   2  0  0  0  1  0/0    17:27   1:16   2:55 
Kyle Okposo              1  0  1   1  0   3  0  0  3  0  1/2    10:19   0:08   0:00 
Mark Barberio            0  0  0   0  0   0  0  0  0  0  0/0     0:00   0:00   0:00 
Nic Dowd                 0  0  0   1  0   0  1  0  1  0  6/9    11:34   0:00   1:23 
P.K. Subban              0  0  0   0  0   2  1  0  1  2  0/0    23:06   6:11   0:00 
Patrik Berglund          0  0  0  -2  0   2  0  0  0  0  0/1     7:15   0:00   1:20 
Phil Kessel              0  0  0   0  0   1  0  0  0  0  1/1    19:49   5:20   0:00 
Ryan Pulock              0  0  0  -1  0   0  1  2  1  0  0/0    23:00   4:28   1:58 

3 Stars

1 - Carter Hutton (FLA)
2 - Scott Laughton (FLA)
3 - Garnet Hathaway (FLA)

Power Play

Panthers - 0 on 3 Attempt(s) - 0,00%
Golden Knights - 0 on 6 Attempt(s) - 0,00%

Penalty Kill

Panthers - 6 on 6 Attempt(s) - 100,00% - Score 0 goal in Penalty Kill
Golden Knights - 3 on 3 Attempt(s) - 100,00% - Score 0 goal in Penalty Kill

Team Stat

Panthers - Hits : 18 - Faceoff Wins : 28 - Blocked Shots : 11 - Penalty Minutes : 17
Golden Knights - Hits : 21 - Faceoff Wins : 32 - Blocked Shots : 4 - Penalty Minutes : 11

Official

Referees : Graham Skiliter and Francois StLaurent
Linesman : Vaughan Rody and Derek Amell

Game Notes

Dustin Byfuglien and Matt Moulson fight to a draw at 8:25 of 1st period

Finance

Level 1 -- Attendance: 6000 (100,00%) -- Ticket Income 450 000 $
Level 2 -- Attendance: 4130 (82,60%) -- Ticket Income 268 450 $
Level 3 -- Attendance: 1297 (64,85%) -- Ticket Income 58 365 $
Level 4 -- Attendance: 2122 (53,05%) -- Ticket Income 74 270 $
Luxury Box -- Attendance: 1000 (100,00%) -- Ticket Income 125 000 $
Game was played at the T-Mobile arena.
Total Attendance: 14549 (80,83%)
Total Ticket Income: 976 085 $
Other Income: 478 282 $
Total Income: 1 454 367 $

Panthers

5 vs 5 Forward 
   Center                   Left Wing                Right Wing               Time % Phy DF OF 
 1 J.T. Miller              Scott Laughton           Matt Moulson             40     1   2  2  
 2 Kyle Brodziak            Marcus Foligno           Devante Smith-Pelly      30     1   2  2  
 3 Adam Cracknell           Ryan Callahan            Garnet Hathaway          20     1   2  2  
 4 Josh Jooris              J.T. Miller              Scott Laughton           10     1   2  2  

5 vs 5 Defense 
   Defense                  Defense                                           Time % Phy DF OF 
 1 Patrik Nemeth            Greg Pateryn                                      40     1   2  2  
 2 Trevor Daley             Jamie Oleksiak                                    30     1   2  2  
 3 Alexander Petrovic       Jonas Siegenthaler                                20     1   2  2  
 4 Nathan Beaulieu          Libor Hajek                                       10     1   2  2  

PowerPlay Forward 
   Center                   Left Wing                Right Wing               Time % Phy DF OF 
 1 J.T. Miller              Scott Laughton           Matt Moulson             60     1   2  2  
 2 Kyle Brodziak            Marcus Foligno           Devante Smith-Pelly      40     1   2  2  

PowerPlay Defense
   Defense                  Defense                                           Time % Phy DF OF 
 1 Patrik Nemeth            Greg Pateryn                                      60     1   2  2  
 2 Trevor Daley             Jamie Oleksiak                                    40     1   2  2  

Penalty Kill 4 Players Forward 
   Center                   Wing                     Time % Phy DF OF 
 1 J.T. Miller              Scott Laughton           60     1   2  2  
 2 Marcus Foligno           Matt Moulson             40     1   2  2  

Penalty Kill 4 Players Defense
   Defense                  Defense                  Time % Phy DF OF 
 1 Patrik Nemeth            Greg Pateryn             60     1   2  2  
 2 Trevor Daley             Jamie Oleksiak           40     1   2  2  

Penalty Kill - 3 Players Forward 
   Forward                                           Time % Phy DF OF 
 1 J.T. Miller                                       60     1   2  2  
 2 Scott Laughton                                    40     1   2  2  

Penalty Kill - 3 Players Defense
   Defense                  Defense                  Time % Phy DF OF 
 1 Patrik Nemeth            Greg Pateryn             60     1   2  2  
 2 Trevor Daley             Jamie Oleksiak           40     1   2  2  

4 vs 4 Forward 
   Center                   Wing                     Time % Phy DF OF 
 1 J.T. Miller              Scott Laughton           60     1   2  2  
 2 Marcus Foligno           Matt Moulson             40     1   2  2  

4 vs 4 Defense
   Defense                  Defense                  Time % Phy DF OF 
 1 Patrik Nemeth            Greg Pateryn             60     1   2  2  
 2 Trevor Daley             Jamie Oleksiak           40     1   2  2  

Last Minutes Offensive
   Center                   Left Wing                Right Wing               Defense                  Defense                  
   J.T. Miller              Scott Laughton           Matt Moulson             Patrik Nemeth            Greg Pateryn             

Last Minutes Defensive
   Center                   Left Wing                Right Wing               Defense                  Defense                  
   J.T. Miller              Scott Laughton           Matt Moulson             Patrik Nemeth            Greg Pateryn             

Goaltenders
Starting : Carter Hutton            
Backup : Antti Raanta             

Extra Forwards
Normal : Adam Cracknell, Ryan Callahan, Garnet Hathaway - PP : Adam Cracknell, Ryan Callahan - PK : Garnet Hathaway
Extra Defensemen
Normal : Alexander Petrovic, Jonas Siegenthaler, Nathan Beaulieu - PP : Alexander Petrovic - PK : Jonas Siegenthaler, Nathan Beaulieu
Penalty Shots
J.T. Miller, Scott Laughton, Marcus Foligno, Matt Moulson, Kyle Brodziak
Custom OT Lines Forwards
J.T. Miller, Scott Laughton, Marcus Foligno, Matt Moulson, Kyle Brodziak, Devante Smith-Pelly, Adam Cracknell, Ryan Callahan, Garnet Hathaway, Josh Jooris
Custom OT Lines Defensemen
Patrik Nemeth, Greg Pateryn, Trevor Daley, Jamie Oleksiak, Alexander Petrovic

Scratches
Adam McQuaid (Strained Right Knee Injury), Andrew Ladd (Back Spasms Injury), Taylor Hall (Healthy), Mats Zuccarello (Healthy), Aaron Dell (Healthy)

Golden Knights

5 vs 5 Forward 
   Center                   Left Wing                Right Wing               Time % Phy DF OF 
 1 Evgeni Malkin            Derek Stepan             Phil Kessel              37     0   1  4  
 2 Blake Coleman            Antoine Roussel          Brock Boeser             36     0   2  3  
 3 Nic Dowd                 Kyle Okposo              Drake Caggiula           26     0   3  2  
 4 Byron Froese             Daniel O'Regan           Patrik Berglund          1      0   3  2  

5 vs 5 Defense 
   Defense                  Defense                                           Time % Phy DF OF 
 1 Dustin Byfuglien         P.K. Subban                                       36     0   1  4  
 2 Ryan Pulock              Brooks Orpik                                      34     0   2  3  
 3 Kris Russell             Korbinian Holzer                                  25     0   3  2  
 4 Ryan Pulock              P.K. Subban                                       5      0   4  1  

PowerPlay Forward 
   Center                   Left Wing                Right Wing               Time % Phy DF OF 
 1 Evgeni Malkin            Derek Stepan             Phil Kessel              55     0   1  4  
 2 Blake Coleman            Antoine Roussel          Brock Boeser             45     0   1  4  

PowerPlay Defense
   Defense                  Defense                                           Time % Phy DF OF 
 1 Dustin Byfuglien         P.K. Subban                                       55     0   2  3  
 2 Ryan Pulock              Brooks Orpik                                      45     0   2  3  

Penalty Kill 4 Players Forward 
   Center                   Wing                     Time % Phy DF OF 
 1 Blake Coleman            Derek Stepan             60     0   3  2  
 2 Nic Dowd                 Antoine Roussel          40     0   3  2  

Penalty Kill 4 Players Defense
   Defense                  Defense                  Time % Phy DF OF 
 1 Kris Russell             Korbinian Holzer         55     0   4  1  
 2 Ryan Pulock              Brooks Orpik             45     0   4  1  

Penalty Kill - 3 Players Forward 
   Forward                                           Time % Phy DF OF 
 1 Blake Coleman                                     55     0   3  2  
 2 Nic Dowd                                          45     0   3  2  

Penalty Kill - 3 Players Defense
   Defense                  Defense                  Time % Phy DF OF 
 1 Kris Russell             Korbinian Holzer         55     0   4  1  
 2 Ryan Pulock              Brooks Orpik             45     0   4  1  

4 vs 4 Forward 
   Center                   Wing                     Time % Phy DF OF 
 1 Evgeni Malkin            Phil Kessel              55     0   2  3  
 2 Derek Stepan             Brock Boeser             45     0   2  3  

4 vs 4 Defense
   Defense                  Defense                  Time % Phy DF OF 
 1 Ryan Pulock              P.K. Subban              55     0   2  3  
 2 Dustin Byfuglien         Brooks Orpik             45     0   2  3  

Last Minutes Offensive
   Center                   Left Wing                Right Wing               Defense                  Defense                  
   Evgeni Malkin            Derek Stepan             Brock Boeser             Dustin Byfuglien         P.K. Subban              

Last Minutes Defensive
   Center                   Left Wing                Right Wing               Defense                  Defense                  
   Evgeni Malkin            Derek Stepan             Antoine Roussel          Ryan Pulock              P.K. Subban              

Goaltenders
Starting : Connor Hellebuyck        
Backup : Louis Domingue           

Extra Forwards
Normal : Kyle Okposo, Nic Dowd, Patrik Berglund - PP : Kyle Okposo, Daniel O'Regan - PK : Patrik Berglund
Extra Defensemen
Normal : Kris Russell, Korbinian Holzer, Mark Barberio - PP : Kris Russell - PK : Korbinian Holzer, Mark Barberio
Penalty Shots
Evgeni Malkin, Brock Boeser, Phil Kessel, Blake Coleman, Derek Stepan
Custom OT Lines Forwards
Evgeni Malkin, Blake Coleman, Brock Boeser, Derek Stepan, Phil Kessel, Antoine Roussel, Kyle Okposo, Nic Dowd, Byron Froese, Patrik Berglund
Custom OT Lines Defensemen
Ryan Pulock, P.K. Subban, Dustin Byfuglien, Brooks Orpik, Korbinian Holzer

Scratches
Austin Watson (Left Knee Injury)

% Time on Ice - Panthers

Lines # - Real PCT - Wanted PCT - Time Play
Normal Forward
1 - 35% - 40% - 15:03
2 - 34% - 30% - 14:46
3 - 24% - 20% - 10:07
4 - 7% - 10% - 2:59
Normal Defense
1 - 39% - 40% - 16:37
2 - 31% - 30% - 13:14
3 - 21% - 20% - 8:55
4 - 10% - 10% - 4:09
PP Forward
1 - 59% - 60% - 2:52
2 - 41% - 40% - 2:01
PP Defense
1 - 57% - 60% - 2:47
2 - 43% - 40% - 2:06
PK Forward
1 - 71% - 60% - 7:42
2 - 29% - 40% - 3:07
PK Defense
1 - 52% - 60% - 5:37
2 - 48% - 40% - 5:12
PK3 Forward
1 - 0% - 60%
2 - 0% - 40%
PK3 Defense
1 - 0% - 60%
2 - 0% - 40%
44 Forward
1 - 100% - 60% - 1:05
2 - 0% - 40% - 0:00
44 Defense
1 - 98% - 60% - 1:04
2 - 2% - 40% - 0:01
Last Minute Offensive  - 0:00
Last Minute Defensive  - 0:18
Total
Forward - 60:00
Defense - 60:00

% Time on Ice - Golden Knights

Lines # - Real PCT - Wanted PCT - Time Play
Normal Forward
1 - 32% - 37% - 13:44
2 - 31% - 36% - 13:18
3 - 24% - 26% - 10:08
4 - 14% - 1% - 5:52
Normal Defense
1 - 38% - 36% - 16:33
2 - 36% - 34% - 15:33
3 - 25% - 25% - 10:56
4 - 0% - 5% - 0:00
PP Forward
1 - 50% - 55% - 5:23
2 - 50% - 45% - 5:26
PP Defense
1 - 59% - 55% - 6:21
2 - 41% - 45% - 4:28
PK Forward
1 - 72% - 60% - 3:30
2 - 28% - 40% - 1:23
PK Defense
1 - 60% - 55% - 2:55
2 - 40% - 45% - 1:58
PK3 Forward
1 - 0% - 55%
2 - 0% - 45%
PK3 Defense
1 - 0% - 55%
2 - 0% - 45%
44 Forward
1 - 69% - 55% - 0:45
2 - 31% - 45% - 0:20
44 Defense
1 - 62% - 55% - 0:40
2 - 38% - 45% - 0:25
Last Minute Offensive  - 0:11
Last Minute Defensive  - 0:00
Total
Forward - 60:00
Defense - 60:00

Play-by-Play

1st period


0:01 of 1st period - J.T. Miller wins face-off versus Evgeni Malkin in neutral zone.
0:26 of 1st period - Patrik Nemeth is hit by Dustin Byfuglien.
1:20 of 1st period - Snap shot by Brock Boeser.
1:20 of 1st period - Stopped by Carter Hutton with a rebound.
2:49 of 1st period - Wrist shot by Phil Kessel.
2:49 of 1st period - Shot Misses the Net.
3:39 of 1st period - Slapshot by Dustin Byfuglien.
3:39 of 1st period - Shot Blocked by Garnet Hathaway.
3:45 of 1st period - Patrik Berglund is hit by Ryan Callahan and loses puck.
3:56 of 1st period - J.T. Miller is hit by Blake Coleman and loses puck.
4:02 of 1st period - Icing by Jamie Oleksiak.
4:03 of 1st period - J.T. Miller wins face-off versus Nic Dowd in Panthers zone.
4:20 of 1st period - Snap shot by Derek Stepan.
4:20 of 1st period - Shot Blocked by Greg Pateryn.
4:22 of 1st period - Slapshot by Brooks Orpik.
4:22 of 1st period - Shot Misses the Net.
4:24 of 1st period - Wrist shot by Derek Stepan.
4:24 of 1st period - Stopped by Carter Hutton with a rebound.
4:26 of 1st period - Minor Penalty to Marcus Foligno for Slashing.
4:27 of 1st period - J.T. Miller wins face-off versus Evgeni Malkin in Panthers zone.
4:49 of 1st period - Patrik Nemeth is hit by Dustin Byfuglien and loses puck.
5:08 of 1st period - Jamie Oleksiak is hit by Blake Coleman and loses puck.
6:26 of 1st period - Penalty to Marcus Foligno is over, Marcus Foligno is back on ice.
6:37 of 1st period - Slapshot by Kyle Okposo.
6:37 of 1st period - Shot Blocked by Greg Pateryn.
6:41 of 1st period - Snap shot by Kyle Okposo.
6:41 of 1st period - Stopped by Carter Hutton without a rebound.
6:42 of 1st period - Nic Dowd wins face-off versus Kyle Brodziak in Panthers zone.
6:48 of 1st period - Icing by Kyle Brodziak.
6:49 of 1st period - Kyle Brodziak wins face-off versus Kyle Okposo in Panthers zone.
7:02 of 1st period - Snap shot by Marcus Foligno.
7:02 of 1st period - Stopped by Connor Hellebuyck with a rebound.
7:04 of 1st period - Wrist shot by Alexander Petrovic.
7:04 of 1st period - Stopped by Connor Hellebuyck without a rebound.
7:05 of 1st period - Blake Coleman wins face-off versus J.T. Miller in Golden Knights zone.
7:16 of 1st period - Snap shot by Scott Laughton.
7:16 of 1st period - Stopped by Connor Hellebuyck with a rebound.
7:30 of 1st period - Matt Moulson is hit by Dustin Byfuglien and loses puck.
7:36 of 1st period - Off-side.
7:37 of 1st period - Nic Dowd wins face-off versus Kyle Brodziak in neutral zone.
7:46 of 1st period - Snap shot by Kyle Okposo.
7:46 of 1st period - Shot Blocked by Kyle Brodziak.
7:58 of 1st period - Snap shot by Kyle Okposo.
7:58 of 1st period - Shot Misses the Net.
8:00 of 1st period - Wrist shot by Drake Caggiula.
8:00 of 1st period - Stopped by Carter Hutton with a rebound.
8:02 of 1st period - Snap shot by Kyle Okposo.
8:02 of 1st period - Stopped by Carter Hutton with a rebound.
8:06 of 1st period - Snap shot by Kyle Okposo.
8:06 of 1st period - Shot Misses the Net.
8:08 of 1st period - Snap shot by Nic Dowd.
8:08 of 1st period - Shot Misses the Net.
8:10 of 1st period - Slapshot by P.K. Subban.
8:10 of 1st period - Stopped by Carter Hutton with a rebound.
8:12 of 1st period - Snap shot by Dustin Byfuglien.
8:12 of 1st period - Shot Misses the Net.
8:14 of 1st period - Snap shot by Dustin Byfuglien.
8:14 of 1st period - Stopped by Carter Hutton without a rebound.
8:15 of 1st period - J.T. Miller wins face-off versus Evgeni Malkin in Panthers zone.
8:25 of 1st period - Dustin Byfuglien and Matt Moulson fight to a draw.
8:25 of 1st period - Penalty to Dustin Byfuglien for Fighting.
8:25 of 1st period - Penalty to Matt Moulson for Fighting.
8:26 of 1st period - Blake Coleman wins face-off versus J.T. Miller in Golden Knights zone.
8:26 of 1st period - Blake Coleman is hit by Scott Laughton.
8:32 of 1st period - Patrik Nemeth is hit by Antoine Roussel.
9:19 of 1st period - Off-side.
9:20 of 1st period - Brock Boeser wins face-off versus J.T. Miller in neutral zone.
9:29 of 1st period - Snap shot by Adam Cracknell.
9:29 of 1st period - Shot Misses the Net.
9:31 of 1st period - Snap shot by Scott Laughton.
9:31 of 1st period - Shot Misses the Net.
9:33 of 1st period - Slapshot by Trevor Daley.
9:33 of 1st period - Shot Blocked by Ryan Pulock.
10:06 of 1st period - Wrist shot by Evgeni Malkin.
10:06 of 1st period - Stopped by Carter Hutton without a rebound.
10:07 of 1st period - Nic Dowd wins face-off versus Adam Cracknell in Panthers zone.
10:08 of 1st period - Snap shot by Kyle Okposo.
10:08 of 1st period - Shot Misses the Net.
10:17 of 1st period - Minor Penalty to Adam Cracknell for Roughing.
10:18 of 1st period - Evgeni Malkin wins face-off versus J.T. Miller in Panthers zone.
11:21 of 1st period - Marcus Foligno is hit by Ryan Pulock and loses puck.
11:48 of 1st period - Devante Smith-Pelly is hit by Antoine Roussel.
12:17 of 1st period - Penalty to Adam Cracknell is over, Adam Cracknell is back on ice.
12:26 of 1st period - Icing by Trevor Daley.
12:27 of 1st period - Nic Dowd wins face-off versus Ryan Callahan in Panthers zone.
12:40 of 1st period - Icing by Ryan Callahan.
12:41 of 1st period - Blake Coleman wins face-off versus Adam Cracknell in Panthers zone.
13:06 of 1st period - Devante Smith-Pelly is hit by Brooks Orpik and loses puck.
13:17 of 1st period - Wrist shot by Scott Laughton.
13:17 of 1st period - Stopped by Connor Hellebuyck with a rebound.
13:35 of 1st period - Greg Pateryn is hit by P.K. Subban and loses puck.
14:06 of 1st period - Wrist shot by J.T. Miller.
14:06 of 1st period - Stopped by Connor Hellebuyck without a rebound.
14:07 of 1st period - J.T. Miller wins face-off versus Byron Froese in Golden Knights zone.
14:34 of 1st period - Icing by Brooks Orpik.
14:35 of 1st period - Daniel O'Regan wins face-off versus Kyle Brodziak in Golden Knights zone.
14:50 of 1st period - Wrist shot by Patrik Berglund.
14:50 of 1st period - Shot Blocked by Greg Pateryn.
14:52 of 1st period - Snap shot by Patrik Berglund.
14:52 of 1st period - Stopped by Carter Hutton with a rebound.
14:54 of 1st period - Slapshot by Korbinian Holzer.
14:54 of 1st period - Stopped by Carter Hutton without a rebound.
14:55 of 1st period - Evgeni Malkin wins face-off versus J.T. Miller in Panthers zone.
15:12 of 1st period - Icing by Trevor Daley.
15:13 of 1st period - J.T. Miller wins face-off versus Blake Coleman in Panthers zone.
15:40 of 1st period - Wrist shot by Matt Moulson.
15:40 of 1st period - Shot Misses the Net.
17:17 of 1st period - Wrist shot by Daniel O'Regan.
17:17 of 1st period - Stopped by Carter Hutton with a rebound.
17:19 of 1st period - Wrist shot by Patrik Berglund.
17:19 of 1st period - Stopped by Carter Hutton with a rebound.
17:25 of 1st period - Patrik Berglund is hit by Alexander Petrovic and loses puck.
17:42 of 1st period - Snap shot by Brock Boeser.
17:42 of 1st period - Stopped by Carter Hutton without a rebound.
17:43 of 1st period - Evgeni Malkin wins face-off versus Adam Cracknell in Panthers zone.
17:54 of 1st period - Derek Stepan is hit by Adam Cracknell and loses puck.
18:09 of 1st period - Devante Smith-Pelly is hit by Antoine Roussel and loses puck.
18:21 of 1st period - Icing by Matt Moulson.
18:22 of 1st period - J.T. Miller wins face-off versus Evgeni Malkin in Panthers zone.
18:41 of 1st period - Marcus Foligno is hit by Dustin Byfuglien and loses puck.
19:02 of 1st period - Wrist shot by Brock Boeser.
19:02 of 1st period - Stopped by Carter Hutton with a rebound.
19:04 of 1st period - Slapshot by Dustin Byfuglien.
19:04 of 1st period - Stopped by Carter Hutton without a rebound.
19:05 of 1st period - J.T. Miller wins face-off versus Nic Dowd in Panthers zone.
19:10 of 1st period - Snap shot by Kyle Okposo.
19:10 of 1st period - Goal by Kyle Okposo - Panthers : 0 - Golden Knights : 1.
19:11 of 1st period - Evgeni Malkin wins face-off versus J.T. Miller in neutral zone.
Goals for this period are 0 for Panthers vs 1 for Golden Knights.
Shots for this period are 5 for Panthers vs 16 for Golden Knights.

2nd period


0:01 of 2nd period - J.T. Miller wins face-off versus Evgeni Malkin in neutral zone.
0:04 of 2nd period - Wrist shot by Scott Laughton.
0:04 of 2nd period - Shot Misses the Net.
0:26 of 2nd period - Antoine Roussel is hit by Greg Pateryn and loses puck.
0:36 of 2nd period - Minor Penalty to Alexander Petrovic for Hooking.
0:37 of 2nd period - J.T. Miller wins face-off versus Derek Stepan in Panthers zone.
0:47 of 2nd period - Wrist shot by Phil Kessel.
0:47 of 2nd period - Shot Misses the Net.
0:49 of 2nd period - Snap shot by Phil Kessel.
0:49 of 2nd period - Shot Misses the Net.
0:51 of 2nd period - Slapshot by Dustin Byfuglien.
0:51 of 2nd period - Stopped by Carter Hutton with a rebound.
1:59 of 2nd period - Antoine Roussel is hit by Matt Moulson.
2:15 of 2nd period - Blake Coleman is hit by Jamie Oleksiak and loses puck.
2:36 of 2nd period - Penalty to Alexander Petrovic is over, Alexander Petrovic is back on ice.
5:01 of 2nd period - Icing by Greg Pateryn.
5:02 of 2nd period - Josh Jooris wins face-off versus Brock Boeser in Panthers zone.
5:11 of 2nd period - Jamie Oleksiak is hit by Antoine Roussel and loses puck.
5:32 of 2nd period - Phil Kessel is hit by Jamie Oleksiak and loses puck.
6:02 of 2nd period - Slapshot by Dustin Byfuglien.
6:02 of 2nd period - Stopped by Carter Hutton with a rebound.
6:04 of 2nd period - Snap shot by Byron Froese.
6:04 of 2nd period - Shot Misses the Net.
7:04 of 2nd period - Minor Penalty to Marcus Foligno for Hooking.
7:05 of 2nd period - Evgeni Malkin wins face-off versus J.T. Miller in Panthers zone.
9:04 of 2nd period - Penalty to Marcus Foligno is over, Marcus Foligno is back on ice.
9:13 of 2nd period - Marcus Foligno is hit by Daniel O'Regan and loses puck.
9:22 of 2nd period - Snap shot by Daniel O'Regan.
9:22 of 2nd period - Stopped by Carter Hutton without a rebound.
9:23 of 2nd period - Nic Dowd wins face-off versus Kyle Brodziak in Panthers zone.
9:36 of 2nd period - Snap shot by Marcus Foligno.
9:36 of 2nd period - Stopped by Connor Hellebuyck without a rebound.
9:37 of 2nd period - Adam Cracknell wins face-off versus Evgeni Malkin in Golden Knights zone.
9:38 of 2nd period - Snap shot by Garnet Hathaway.
9:38 of 2nd period - Stopped by Connor Hellebuyck with a rebound.
9:40 of 2nd period - Snap shot by Ryan Callahan.
9:40 of 2nd period - Shot Misses the Net.
9:42 of 2nd period - Slapshot by Ryan Callahan.
9:42 of 2nd period - Stopped by Connor Hellebuyck without a rebound.
9:43 of 2nd period - Evgeni Malkin wins face-off versus Adam Cracknell in Golden Knights zone.
10:14 of 2nd period - Snap shot by Brock Boeser.
10:14 of 2nd period - Stopped by Carter Hutton with a rebound.
10:16 of 2nd period - Snap shot by Antoine Roussel.
10:16 of 2nd period - Stopped by Carter Hutton with a rebound.
10:38 of 2nd period - Wrist shot by Marcus Foligno.
10:38 of 2nd period - Goal by Marcus Foligno - Panthers : 1 - Golden Knights : 1.
10:39 of 2nd period - J.T. Miller wins face-off versus Blake Coleman in neutral zone.
10:44 of 2nd period - Brock Boeser is hit by Patrik Nemeth and loses puck.
10:51 of 2nd period - Wrist shot by J.T. Miller.
10:51 of 2nd period - Stopped by Connor Hellebuyck without a rebound.
10:52 of 2nd period - J.T. Miller wins face-off versus Evgeni Malkin in Golden Knights zone.
10:53 of 2nd period - Wrist shot by Matt Moulson.
10:53 of 2nd period - Stopped by Connor Hellebuyck without a rebound.
10:54 of 2nd period - Evgeni Malkin wins face-off versus J.T. Miller in Golden Knights zone.
11:10 of 2nd period - Snap shot by Phil Kessel.
11:10 of 2nd period - Shot Hit the Post.
11:25 of 2nd period - Icing by Antoine Roussel.
11:26 of 2nd period - Kyle Brodziak wins face-off versus Antoine Roussel in Golden Knights zone.
11:30 of 2nd period - Minor Penalty to Dustin Byfuglien for Holding Stick.
11:31 of 2nd period - J.T. Miller wins face-off versus Blake Coleman in Golden Knights zone.
12:24 of 2nd period - Minor Penalty to J.T. Miller for Holding.
12:25 of 2nd period - Phil Kessel wins face-off versus Adam Cracknell in Panthers zone.
13:30 of 2nd period - Penalty to Dustin Byfuglien is over, Dustin Byfuglien is back on ice.
13:35 of 2nd period - Slapshot by Blake Coleman.
13:35 of 2nd period - Shot Misses the Net.
13:37 of 2nd period - Slapshot by Brooks Orpik.
13:37 of 2nd period - Shot Misses the Net.
13:39 of 2nd period - Snap shot by Kris Russell.
13:39 of 2nd period - Stopped by Carter Hutton without a rebound.
13:40 of 2nd period - Blake Coleman wins face-off versus Garnet Hathaway in Panthers zone.
13:55 of 2nd period - Trevor Daley is hit by Blake Coleman and loses puck.
14:24 of 2nd period - Penalty to J.T. Miller is over, J.T. Miller is back on ice.
14:28 of 2nd period - Kyle Brodziak is hit by Blake Coleman and loses puck.
14:39 of 2nd period - Wrist shot by Kyle Brodziak.
14:39 of 2nd period - Shot Misses the Net.
14:41 of 2nd period - Slapshot by Jonas Siegenthaler.
14:41 of 2nd period - Stopped by Connor Hellebuyck with a rebound.
14:43 of 2nd period - Wrist shot by J.T. Miller.
14:43 of 2nd period - Stopped by Connor Hellebuyck with a rebound.
14:45 of 2nd period - Wrist shot by Scott Laughton.
14:45 of 2nd period - Deflect By J.T. Miller.
14:45 of 2nd period - Shot Misses the Net.
14:45 of 2nd period - Puck is out of play.
14:46 of 2nd period - Evgeni Malkin wins face-off versus Adam Cracknell in Golden Knights zone.
15:42 of 2nd period - Off-side.
15:43 of 2nd period - J.T. Miller wins face-off versus Evgeni Malkin in neutral zone.
15:46 of 2nd period - Derek Stepan is hit by Matt Moulson and loses puck.
16:03 of 2nd period - Slapshot by Dustin Byfuglien.
16:03 of 2nd period - Stopped by Carter Hutton with a rebound.
16:05 of 2nd period - Wrist shot by Phil Kessel.
16:05 of 2nd period - Stopped by Carter Hutton with a rebound.
16:07 of 2nd period - Backhand shot by Phil Kessel.
16:07 of 2nd period - Shot Blocked by Patrik Nemeth.
16:37 of 2nd period - Slapshot by Evgeni Malkin.
16:37 of 2nd period - Shot Misses the Net.
16:39 of 2nd period - Slapshot by Korbinian Holzer.
16:39 of 2nd period - Shot Blocked by Greg Pateryn.
16:41 of 2nd period - Slapshot by Korbinian Holzer.
16:41 of 2nd period - Deflect By Phil Kessel.
16:41 of 2nd period - Shot Blocked by Devante Smith-Pelly.
16:41 of 2nd period - Puck is out of play.
16:42 of 2nd period - Adam Cracknell wins face-off versus Blake Coleman in Panthers zone.
16:49 of 2nd period - Wrist shot by Antoine Roussel.
16:49 of 2nd period - Shot Blocked by Jamie Oleksiak.
17:07 of 2nd period - Trevor Daley is hit by Nic Dowd and loses puck.
17:20 of 2nd period - P.K. Subban is hit by Scott Laughton and loses puck.
17:38 of 2nd period - Wrist shot by Scott Laughton.
17:38 of 2nd period - Deflect By Josh Jooris.
17:38 of 2nd period - Stopped by Connor Hellebuyck with a rebound.
17:51 of 2nd period - Alexander Petrovic is hit by Blake Coleman and loses puck.
18:06 of 2nd period - Snap shot by Garnet Hathaway.
18:06 of 2nd period - Shot Misses the Net.
18:11 of 2nd period - Slapshot by Garnet Hathaway.
18:11 of 2nd period - Shot Misses the Net.
18:21 of 2nd period - Snap shot by Garnet Hathaway.
18:21 of 2nd period - Goal by Garnet Hathaway - Panthers : 2 - Golden Knights : 1.
18:22 of 2nd period - Blake Coleman wins face-off versus Kyle Brodziak in neutral zone.
Goals for this period are 2 for Panthers vs 0 for Golden Knights.
Shots for this period are 10 for Panthers vs 8 for Golden Knights.

3rd period


0:01 of 3rd period - Matt Moulson wins face-off versus Evgeni Malkin in neutral zone.
0:39 of 3rd period - Slapshot by Greg Pateryn.
0:39 of 3rd period - Stopped by Connor Hellebuyck without a rebound.
0:40 of 3rd period - Ryan Callahan wins face-off versus Nic Dowd in Golden Knights zone.
0:49 of 3rd period - Wrist shot by Adam Cracknell.
0:49 of 3rd period - Deflect By Ryan Callahan.
0:49 of 3rd period - Stopped by Connor Hellebuyck without a rebound.
0:50 of 3rd period - Evgeni Malkin wins face-off versus Adam Cracknell in Golden Knights zone.
1:07 of 3rd period - Wrist shot by Garnet Hathaway.
1:07 of 3rd period - Stopped by Connor Hellebuyck with a rebound.
1:09 of 3rd period - Wrist shot by Adam Cracknell.
1:09 of 3rd period - Stopped by Connor Hellebuyck with a rebound.
1:11 of 3rd period - Snap shot by Ryan Callahan.
1:11 of 3rd period - Shot Blocked by Ryan Pulock.
1:13 of 3rd period - Snap shot by Adam Cracknell.
1:13 of 3rd period - Shot Blocked by Derek Stepan.
1:15 of 3rd period - Slapshot by Jamie Oleksiak.
1:15 of 3rd period - Shot Misses the Net.
1:17 of 3rd period - Slapshot by Trevor Daley.
1:17 of 3rd period - Stopped by Connor Hellebuyck with a rebound.
1:19 of 3rd period - Slapshot by Trevor Daley.
1:19 of 3rd period - Stopped by Connor Hellebuyck without a rebound.
1:20 of 3rd period - Blake Coleman wins face-off versus J.T. Miller in Golden Knights zone.
1:20 of 3rd period - Blake Coleman is hit by Patrik Nemeth.
2:06 of 3rd period - Icing by Phil Kessel.
2:07 of 3rd period - Evgeni Malkin wins face-off versus Adam Cracknell in Golden Knights zone.
3:00 of 3rd period - Snap shot by Drake Caggiula.
3:00 of 3rd period - Stopped by Carter Hutton without a rebound.
3:01 of 3rd period - Evgeni Malkin wins face-off versus J.T. Miller in Panthers zone.
3:10 of 3rd period - Snap shot by Scott Laughton.
3:10 of 3rd period - Stopped by Connor Hellebuyck without a rebound.
3:11 of 3rd period - J.T. Miller wins face-off versus Evgeni Malkin in Golden Knights zone.
3:45 of 3rd period - Slapshot by J.T. Miller.
3:45 of 3rd period - Stopped by Connor Hellebuyck without a rebound.
3:46 of 3rd period - Blake Coleman wins face-off versus Kyle Brodziak in Golden Knights zone.
4:02 of 3rd period - Wrist shot by Marcus Foligno.
4:02 of 3rd period - Stopped by Connor Hellebuyck without a rebound.
4:03 of 3rd period - Evgeni Malkin wins face-off versus J.T. Miller in Golden Knights zone.
4:03 of 3rd period - Evgeni Malkin is hit by Greg Pateryn.
4:29 of 3rd period - Patrik Nemeth is hit by Antoine Roussel and loses puck.
5:59 of 3rd period - Slapshot by Brock Boeser.
5:59 of 3rd period - Deflect By Ryan Callahan.
5:59 of 3rd period - Shot Misses the Net.
5:59 of 3rd period - Puck is out of play.
6:00 of 3rd period - Adam Cracknell wins face-off versus Blake Coleman in Panthers zone.
6:26 of 3rd period - Phil Kessel is hit by J.T. Miller and loses puck.
6:43 of 3rd period - Minor Penalty to J.T. Miller for High sticking.
6:44 of 3rd period - Evgeni Malkin wins face-off versus Garnet Hathaway in Panthers zone.
7:19 of 3rd period - Slapshot by P.K. Subban.
7:19 of 3rd period - Stopped by Carter Hutton without a rebound.
7:20 of 3rd period - Blake Coleman wins face-off versus Kyle Brodziak in Panthers zone.
8:27 of 3rd period - Wrist shot by Matt Moulson.
8:27 of 3rd period - Stopped by Connor Hellebuyck with a rebound.
8:43 of 3rd period - Penalty to J.T. Miller is over, J.T. Miller is back on ice.
8:55 of 3rd period - Snap shot by Drake Caggiula.
8:55 of 3rd period - Shot Blocked by Trevor Daley.
8:57 of 3rd period - Snap shot by Kyle Okposo.
8:57 of 3rd period - Shot Misses the Net.
8:59 of 3rd period - Backhand shot by Drake Caggiula.
8:59 of 3rd period - Stopped by Carter Hutton with a rebound.
9:01 of 3rd period - Slapshot by Kris Russell.
9:01 of 3rd period - Stopped by Carter Hutton without a rebound.
9:02 of 3rd period - J.T. Miller wins face-off versus Blake Coleman in Panthers zone.
9:15 of 3rd period - Slapshot by Brock Boeser.
9:15 of 3rd period - Shot Blocked by Scott Laughton.
9:18 of 3rd period - Icing by Jonas Siegenthaler.
9:19 of 3rd period - J.T. Miller wins face-off versus Evgeni Malkin in Panthers zone.
9:36 of 3rd period - Wrist shot by Kyle Brodziak.
9:36 of 3rd period - Stopped by Connor Hellebuyck with a rebound.
9:38 of 3rd period - Snap shot by Alexander Petrovic.
9:38 of 3rd period - Stopped by Connor Hellebuyck with a rebound.
9:54 of 3rd period - Slapshot by Dustin Byfuglien.
9:54 of 3rd period - Stopped by Carter Hutton with a rebound.
10:12 of 3rd period - Snap shot by Garnet Hathaway.
10:12 of 3rd period - Shot Misses the Net.
10:14 of 3rd period - Double Minor Penalty to Antoine Roussel for Roughing.
10:15 of 3rd period - J.T. Miller wins face-off versus Blake Coleman in Golden Knights zone.
10:16 of 3rd period - Snap shot by Scott Laughton.
10:16 of 3rd period - Stopped by Connor Hellebuyck without a rebound.
10:17 of 3rd period - J.T. Miller wins face-off versus Blake Coleman in Golden Knights zone.
10:54 of 3rd period - Slapshot by Devante Smith-Pelly.
10:54 of 3rd period - Shot Blocked by Blake Coleman.
12:21 of 3rd period - Nic Dowd is hit by Greg Pateryn.
12:31 of 3rd period - Brooks Orpik is hit by J.T. Miller and loses puck.
12:39 of 3rd period - Icing by Scott Laughton.
12:40 of 3rd period - Adam Cracknell wins face-off versus Patrik Berglund in Panthers zone.
13:28 of 3rd period - Icing by Jamie Oleksiak.
13:29 of 3rd period - Evgeni Malkin wins face-off versus Kyle Brodziak in Panthers zone.
14:14 of 3rd period - Penalty to Antoine Roussel is over, Antoine Roussel is back on ice.
14:27 of 3rd period - Kyle Okposo is hit by Adam Cracknell.
15:00 of 3rd period - Phil Kessel is hit by Kyle Brodziak and loses puck.
15:27 of 3rd period - Snap shot by Antoine Roussel.
15:27 of 3rd period - Shot Misses the Net.
15:29 of 3rd period - Snap shot by Daniel O'Regan.
15:29 of 3rd period - Shot Misses the Net.
15:35 of 3rd period - Wrist shot by Patrik Berglund.
15:35 of 3rd period - Shot Misses the Net.
16:03 of 3rd period - Jamie Oleksiak is hit by Drake Caggiula and loses puck.
16:35 of 3rd period - Jonas Siegenthaler is hit by Korbinian Holzer and loses puck.
17:34 of 3rd period - Icing by Greg Pateryn.
17:35 of 3rd period - Kyle Okposo wins face-off versus Kyle Brodziak in Panthers zone.
19:04 of 3rd period - Snap shot by Matt Moulson.
19:04 of 3rd period - Goal by Matt Moulson - Panthers : 3 - Golden Knights : 1.
19:05 of 3rd period - Nic Dowd wins face-off versus Adam Cracknell in neutral zone.
Goals for this period are 1 for Panthers vs 0 for Golden Knights.
Shots for this period are 14 for Panthers vs 5 for Golden Knights.